 Dungeon Crawl Stone Soup version 0.26-a0-1139-g7d2dc893a1 (webtiles) character file.

Game seed: 10651165192232858297

24872 HoaS the Bludgeoner (level 13, -2/68 HPs)
             Began as a Gargoyle Fighter on Dec 21, 2020.
             Was a High Priest of Makhleb.
             Slain by a freezing wraith (3 damage)
             ... on level 9 of the Dungeon.
             The game lasted 00:36:06 (11060 turns).

HoaS the Bludgeoner (Gargoyle Fighter)             Turns: 11060, Time: 00:36:07

Health: -2/68      AC: 39    Str: 23    XL:     13   Next: 15%
Magic:  13/13      EV: 10    Int: 10    God:    Makhleb [*****.]
Gold:   892        SH: 18    Dex: 17    Spells: 12/12 levels left

rFire    . . .     SeeInvis +   q - +3 eveningstar "Ollaqey" {protect, *Noise Dex+7}
rCold    . . .     Faith    .   c - +0 kite shield
rNeg     + + .     Spirit   .   i - +1 plate armour
rPois    ∞         Reflect  +   p - +2 helmet
rElec    +         Harm     .   u - +1 cloak (curse)
rCorr    +         Rampage  .   o - +2 pair of gloves
Will     .....                  k - +1 pair of boots
Stlth    ..........             E - amulet of Hotes {Reflect rPois SH+5 SInv}
HPRegen  0.21/turn              l - ring of positive energy
MPRegen  0.13/turn              y - ring of resist corrosion

@: protection aura, slowed, studying Armour, very slow
A: negative energy resistance 1, electricity resistance, unbreathing,
petrification resistance, miasma immunity, AC +9
a: Renounce Religion, Minor Destruction, Lesser Servant of Makhleb, Major
Destruction, Greater Servant of Makhleb


You were on level 9 of the Dungeon.
You worshipped Makhleb.
Makhleb was extremely pleased with you.
You visited 3 branches of the dungeon, and saw 13 of its levels.
You also visited: Bailey.

You collected 1022 gold pieces.
You spent 130 gold pieces at shops.

Inventory:

Hand Weapons
 q - the +3 eveningstar "Ollaqey" (weapon) {protect, *Noise Dex+7}
   (You acquired it on level 1 of the Lair of Beasts)

   It grants its wielder temporary protection when it strikes (+7 to AC).
   It affects your dexterity (+7).
   It may make noises in combat.
Armour
 c - a +0 kite shield (worn)
 i - a +1 plate armour (worn)
 k - a +1 pair of boots (worn)
 o - a +2 pair of gloves (worn)
 p - a +2 helmet (worn)
 u - a cursed +1 cloak (worn)
Jewellery
 l - a ring of positive energy (left hand)
 y - a ring of resist corrosion (right hand)
 E - the amulet of Hotes (around neck) {Reflect rPois SH+5 SInv}
   (You acquired it on level 1 of the Lair of Beasts)

   [amulet of reflection]

   It shields you and reflects attacks.
   It protects you from poison.
   It lets you see invisible.
   It affects your SH (+5).
Wands
 t - a wand of acid (8) (quivered)
 z - a wand of flame (4)
 B - a wand of iceblast (11)
Scrolls
 e - 10 scrolls of teleportation
 m - 5 scrolls of remove curse
 r - 3 scrolls of blinking
 v - 3 scrolls of enchant weapon
 x - a scroll of magic mapping
 A - a scroll of identify
Potions
 a - 6 potions of curing
 b - 5 potions of lignification
 d - a potion of might
 f - 4 potions of attraction
 g - a potion of haste
 h - 2 potions of resistance
 j - a potion of flight
 n - 2 potions of heal wounds
 w - a potion of magic {unknown}
 C - a potion of cancellation {unknown}
Books
 s - a manual of Armour


   Skills:
 - Level 3.2 Fighting
 * Level 15.3 Maces & Flails
 - Level 3.2 Armour
 - Level 7.0 Dodging
 + Level 12.6 Shields


You had 12 spell levels left.
You didn't know any spells.
Your spell library contained the following spells:

 Spells                   Type           Power        Failure   Level
 Animate Skeleton         Necr           0%           100%        1
 Apportation              Tloc           0%           100%        1
 Corona                   Hex            0%           100%        1
 Freeze                   Ice            0%           100%        1
 Sting                    Tmut/Pois      0%           100%        1
 Summon Small Mammal      Summ           0%           100%        1
 Passwall                 Tmut/Erth      0%           100%        2
 Poisonous Vapours        Pois/Air       0%           100%        2
 Frozen Ramparts          Ice            0%           100%        3
 Ignite Poison            Fire/Tmut/Pois 0%           100%        3
 Mephitic Cloud           Conj/Pois/Air  0%           100%        3
 Ozocubu's Armour         Ice            0%           100%        3
 Hailstorm                Conj/Ice       0%           100%        4
 Olgreb's Toxic Radiance  Pois           0%           100%        4
 Summon Ice Beast         Ice/Summ       0%           100%        4
 Alistair's Intoxication  Tmut/Pois      0%           100%        5
 Bolt of Magma            Conj/Fire/Erth 0%           100%        5
 Irradiate                Conj/Tmut      0%           100%        5
 Iskenderun's Battlesphe  Conj           0%           100%        5
 Eringya's Noxious Bog    Tmut/Pois      0%           100%        6
 Hydra Form               Tmut           0%           100%        6
 Iron Shot                Conj/Erth      0%           100%        6
 Dragon Form              Tmut           0%           100%        7
 Orb of Destruction       Conj           0%           100%        7
 Spellforged Servitor     Conj/Summ      0%           100%        7
 Statue Form              Tmut/Erth      Unusable     N/A         6

Dungeon Overview and Level Annotations

Branches:
Dungeon (10/15)            Temple (1/1) D:5            Lair (2/6) D:10
 Spider (0/4) Lair:2          Orc (0/2) D:9          Bailey (visited)
  Swamp: Lair:2-4    Shoals: Lair:2-4

Altars:
Ashenzari
Cheibriados
Dithmenos
Elyvilon
Fedhas
Gozag
Hepliaklqana
Kikubaaqudgha
Makhleb
Nemelex Xobeh
Okawaru
Qazlal
Ru
Sif Muna
Trog
Uskayaw
Vehumet
Wu Jian
Xom
Yredelemnul
Zin
The Shining One

Shops:
D:6 *   D:8 =   D:9 *


Innate Abilities, Weirdness & Mutations

You are resistant to torment.
Your stone body is resilient. (AC +9)
You are immune to poison.
You resist negative energy. (rN+)
You are resistant to electric shocks. (rElec)
You can survive without breathing.
You are immune to petrification.
You are immune to miasma.


Message History

The freezing wraith hits you but does no damage.
You block the freezing wraith's attack.
You hit the wraith.
The wraith is moderately damaged.
You block the wraith's attack. You block the freezing wraith's attack.
The freezing wraith closely misses you.
You closely miss the wraith.
The wraith is moderately damaged.
You block the wraith's attack. The freezing wraith closely misses you.
The freezing wraith hits you but does no damage.
You sock the wraith!
The wraith is heavily damaged.
The wraith hits you. The wraith drains your vigour!
You feel yourself slow down.
You hit the wraith but do no damage.
The wraith is heavily damaged.
The freezing wraith hits you. The freezing wraith freezes you!!
* * * LOW HITPOINT WARNING * * *
The freezing wraith hits you.
You die...

.#.....###....#...########.......
.#.......#....'..................
.#.......#....#..#########.......
.#...#####....#..#..8.8..#......#
###### ###..#..##.$?).##......'
#..######.#..#..#.......#......#
##.....#..##..#..##.W...##......#
..###.#..#..).#..#W.W....#......#
...#.#....##..'.@###'W'###......#
.##..##.####..'.WW.?............#
..##.......#..#....>............#
.#...###..##..#.................#
.#.#.#######..######............#
..#.#...#.##.......#............#
......##..##.......#............#
>.##..#..###.......#'######(....#
.#.#..##..##..............#.....#


You could see a freezing wraith and a wraith.

Vanquished Creatures
  An orc warlord (Bailey)
  The ghost of Dracia the Grappler, a journeyman TrMo (D:9)
  A boulder beetle (Lair:2)
  A hydra (Lair:1)
  A two-headed ogre (D:10)
  Pikel (D:5)
  A black mamba (Lair:1)
  A gargoyle (D:10)
  4 cane toads
  A komodo dragon (D:10)
  3 trolls
  Grinder (D:4)
  A polar bear (Lair:1)
  4 blink frogs (Lair:2)
  A shadow (D:9)
  A tarantella (Lair:2)
  Sigmund (D:5)
  A wyvern (D:8)
  3 wraiths (D:9)
  2 humans (D:8)
  5 yaks (Lair:1)
  A basilisk (Lair:1)
  A steam dragon (D:8)
  Duvessa (D:5)
  4 water moccasins
  3 ice beasts
  6 orc warriors
  3 sky beasts
  2 phantoms
  2 ogres
  5 wolves (Lair:2)
  The ghost of suvakkihuora the Skirmisher, an amateur DsCK of Xom (D:6)
  3 centaurs
  14 bullfrogs
  Dowan (D:5)
  2 scorpions (D:8)
  3 troll zombies (D:9)
  10 killer bees (D:8)
  3 howler monkeys
  2 bullfrog zombies
  2 jellies
  A centaur zombie (D:5)
  5 hounds
  7 orc wizards
  5 orc priests
  3 centaur skeletons
  An iguana (D:9)
  3 bullfrog skeletons
  Natasha (twice) (D:2)
  6 worker ants
  3 ogre zombies (D:9)
  A hound skeleton (D:7)
  A worker ant zombie (D:6)
  A howler monkey zombie (D:5)
  3 gnolls (D:8)
  6 adders
  2 shadow imps
  3 white imps
  4 ufetubi
  An ooze (D:3)
  An adder zombie (D:5)
  An adder skeleton (D:4)
  A worm (D:3)
  2 dart slugs
  6 leopard geckos
  43 orcs
  3 ball pythons
  6 giant cockroaches
  14 goblins
  4 hobgoblins
  12 jackals
  18 kobolds
  3 quokkas
  4 bats
  3 frilled lizards
  3 giant cockroach zombies (D:5)
  3 goblin zombies (D:9)
  2 hobgoblin skeletons (D:9)
  2 hobgoblin zombies (D:9)
  2 jackal skeletons
  A leopard gecko skeleton (D:5)
  4 orc skeletons (D:9)
  8 orc zombies (D:9)
  2 quokka skeletons (D:5)
  4 quokka zombies (D:5)
  6 rats
321 creatures vanquished.

Vanquished Creatures (others)
  An orc wizard (D:3)
  A fungus (Lair:2)
  A plant (Lair:2)
3 creatures vanquished.

Grand Total: 324 creatures vanquished

Notes
Turn   | Place    | Note
-------+----------+-------------------------------------------
     0 | D:1      | HoaS the Gargoyle Fighter began the quest for the Orb.
     0 | D:1      | Reached XP level 1. HP: 14/14 MP: 1/1
   304 | D:1      | Reached XP level 2. HP: 19/19 MP: 2/2
   384 | D:1      | You fall into a shaft and drop 1 floor!
   535 | D:2      | Reached skill level 3 in Maces & Flails
   535 | D:2      | Reached XP level 3. HP: 22/23 MP: 3/3
  1382 | D:2      | Noticed Natasha
  1392 | D:2      | Reached XP level 4. HP: 26/28 MP: 4/4
  1398 | D:2      | Killed Natasha
  1446 | D:2      | Noticed Natasha
  1458 | D:2      | Killed Natasha
  1459 | D:2      | Reached skill level 4 in Maces & Flails
  1574 | D:3      | Reached XP level 5. HP: 29/32 MP: 5/5
  1960 | D:3      | Reached skill level 5 in Maces & Flails
  1967 | D:3      | Reached XP level 6. HP: 23/37 MP: 6/6
  2002 | D:3      | Reached skill level 5 in Shields
  2698 | D:4      | Reached skill level 6 in Maces & Flails
  2769 | D:4      | Reached XP level 7. HP: 41/41 MP: 7/7
  3427 | D:5      | Entered Level 5 of the Dungeon
  3427 | D:5      | Noticed Grinder
  3427 | D:5      | Noticed Sigmund
  3452 | D:4      | Killed Grinder
  3453 | D:4      | Reached skill level 7 in Maces & Flails
  3524 | D:5      | Reached XP level 8. HP: 35/46 MP: 8/8
  3528 | D:5      | Killed Sigmund
  3529 | D:5      | Reached skill level 8 in Maces & Flails
  3571 | D:5      | Noticed Pikel
  3611 | D:5      | Killed Pikel
  3612 | D:5      | Reached skill level 9 in Maces & Flails
  3667 | D:5      | Noticed Duvessa
  3667 | D:5      | Noticed Dowan
  3682 | D:5      | Killed Duvessa
  3683 | D:5      | Reached XP level 9. HP: 51/51 MP: 9/9
  3694 | D:5      | Killed Dowan
  3773 | D:5      | Found a snail-covered altar of Cheibriados.
  3898 | D:5      | Found a staircase to the Ecumenical Temple.
  3907 | Temple   | Entered the Ecumenical Temple
  4008 | Temple   | Became a worshipper of Makhleb the Destroyer
  4663 | D:6      | Noticed suvakkihuora's ghost (amateur DsCK)
  4733 | D:6      | Found a transporter.
  4752 | D:6      | Found a transporter.
  4779 | D:6      | Reached skill level 10 in Maces & Flails
  4933 | D:6      | Found Rabbosiy's Assorted Antiques.
  5225 | D:7      | Reached * piety under Makhleb
  5259 | D:7      | Got a faintly humming ring mail
  5262 | D:7      | Identified the +0 ring mail of Weightlessness {Will+ Dex+5}
                  | (You found it on level 7 of the Dungeon)
  5288 | D:7      | Found a glowing silver altar of Zin.
  5805 | D:8      | Noticed a troll
  5824 | D:8      | Killed a troll
  5895 | D:8      | Reached skill level 11 in Maces & Flails
  5982 | D:8      | Found Ylyssoez's Jewellery Shop.
  6032 | D:8      | Reached ** piety under Makhleb
  6057 | D:8      | Reached XP level 10. HP: 45/56 MP: 10/10
  6240 | D:8      | Found a broken altar of Ashenzari.
  6402 | D:8      | Found an iron altar of Okawaru.
  6610 | D:8      | Reached skill level 12 in Maces & Flails
  7251 | D:6      | Killed suvakkihuora's ghost
  7252 | D:6      | Reached skill level 10 in Shields
  7416 | D:9      | Found Gikheux's Assorted Antiques.
  7424 | D:9      | Bought a potion of heal wounds for 130 gold pieces
  7495 | D:9      | Found a staircase to the Orcish Mines.
  7569 | D:9      | Reached *** piety under Makhleb
  7622 | D:9      | Found a runed translucent gate.
  7622 | D:9      | Found a runed translucent gate.
  7622 | D:9      | Found a runed translucent gate.
  7627 | D:9      | Noticed Dracia's ghost (journeyman TrMo)
  8226 | D:10     | Entered Level 10 of the Dungeon
  8291 | D:10     | Found a flagged portal.
  8307 | Bailey   | Entered a bailey
  8357 | Bailey   | Noticed an orc warlord
  8396 | Bailey   | Reached **** piety under Makhleb
  8451 | Bailey   | Found a runed translucent gate.
  8454 | Bailey   | Found a runed translucent gate.
  8455 | Bailey   | Found a runed translucent gate.
  8570 | Bailey   | Killed an orc warlord
  8571 | Bailey   | Reached skill level 13 in Maces & Flails
  8571 | Bailey   | Reached XP level 11. HP: 60/60 MP: 11/11
  8623 | Bailey   | Identified Sif Muna's Papyrus of Calling and Moulding
  8751 | D:10     | Noticed a two-headed ogre
  8768 | D:10     | Killed a two-headed ogre
  8899 | D:10     | Found a staircase to the Lair.
  9323 | Lair:1   | Entered Level 1 of the Lair of Beasts
  9361 | Lair:1   | Reached skill level 14 in Maces & Flails
  9647 | Lair:1   | Identified 2 scrolls of acquirement
  9647 | Lair:1   | Acquired the amulet of Hotes {Reflect rPois SH+5 SInv}
  9659 | Lair:1   | Acquired the +3 eveningstar "Ollaqey" {protect, *Noise
                  | Dex+7}
  9665 | Lair:1   | Reached XP level 12. HP: 64/64 MP: 12/12
  9828 | Lair:1   | Noticed a six-headed hydra
  9842 | Lair:1   | Killed a six-headed hydra
 10051 | Lair:2   | Found a hole to the Spider Nest.
 10104 | Lair:2   | Noticed a boulder beetle
 10215 | Lair:2   | HP: 3/64 [boulder beetle (8)]
 10237 | Lair:2   | Killed a boulder beetle
 10390 | Lair:2   | Reached XP level 13. HP: 68/68 MP: 13/13
 10531 | Lair:2   | Reached skill level 15 in Maces & Flails
 11022 | D:9      | Reached ***** piety under Makhleb
 11055 | D:9      | Killed Dracia's ghost
 11060 | D:9      | HP: 1/68 [freezing wraith (18)]
 11060 | D:9      | Slain by a freezing wraith

Illustrated notes

Levels and vault maps discovered:
D:1:      heliophobic_arrival_glass_houses, layout_loops_cross
D:2:      layout_basic, uniq_natasha
D:3:      layout_loops_cross, serial_park_tiny_pond, patterned_corridor
D:4:      layout_cave_pods, minmay_manual_mandibuliform
D:5:      layout_loops_corners, kennysheep_mini_moat,
          minmay_temple_entry_glassed_door, serial_undead, serial_undead_d,
          serial_undead_e, serial_undead_d, serial_undead_f, serial_undead_e,
          serial_undead_f, serial_undead_d, serial_undead_b, uniq_duvessa,
          uniq_grinder, uniq_sigmund, uniq_pikel
D:6:      layout_basic, serial_shops, nicolae_shop_overgrown_old_shop,
          gammafunk_ghost_arena
D:7:      layout_basic, general_overflow_altar
D:8:      kennysheep_ambush_hall, layout_layer_cave, ashenzari_altar_1,
          okawaru_humans, serial_shops, nicolae_shop_crystal
D:9:      layout_irregular_city, zombieorc1_lemuel, gammafunk_ghost_spectres,
          serial_shops, nicolae_shop_statue_plus
D:10:     layout_basic, lair_entry_dummy, enter_bailey_3, lemuel_another_geyser
Temple:   compressed_dpeg_circular_temple
Lair:1:   layout_misc_corridors, grunt_megastairs_5
Lair:2:   layout_long_grid, spider_nest_entry_rubble, small_statue_intersection,
          serial_bayou_shore_b

Skill      XL: |  1  2  3  4  5  6  7  8  9 10 11 12 13 |
---------------+----------------------------------------+-----
Maces & Flails | 3 4 5 6 7 9 11 13 14 15 | 15.3
Shields        | 4 5 6 7 9 11 12 | 12.6
Dodging        | 7 |  7.0
Fighting       | |  3.2
Armour         | |  3.2

Action                   |  1- 3 |  4- 6 |  7- 9 | 10-12 | 13-15 || total
-------------------------+-------+-------+-------+-------+-------++-------
Melee: Flail             |   131 |   186 |   129 |       |       ||   446
       Whip              |       |       |   405 |   645 |       ||  1050
       Eveningstar       |       |       |       |   126 |    88 ||   214
Evoke: Wand              |       |       |     1 |     9 |       ||    10
  Use: Scroll            |     9 |     2 |     7 |    11 |       ||    29
       Potion            |       |     1 |       |     7 |     2 ||    10
Armor: Scale mail        |    18 |       |       |       |       ||    18
       Plate armour      |    72 |   163 |   234 |   283 |    46 ||   798
Dodge: Dodged            |    22 |    29 |    75 |   102 |    23 ||   251
Block: Kite shield       |    73 |    86 |   217 |   422 |    99 ||   897

Table legend: (Time is in decaauts)
 A = Elapsed time spent in this place.
 B = Non-inter-level travel time spent in this place.
 C = Inter-level travel time spent in this place.
 D = Time resting spent in this place.
 E = Time spent auto-exploring this place.
 F = Levels seen in this place.
 G = Mean time per level.
                   A        B        C        D        E       F      G
               +--------+--------+--------+--------+--------+-----+--------+
         Total |  10649 |   9838 |    811 |    363 |   6861 |  14 |  760.6 |
       Dungeon |   8684 |   7931 |    753 |    263 |   5630 |  10 |  868.4 |
        Temple |    113 |    102 |     11 |      0 |     75 |   1 |  113.0 |
          Lair |   1537 |   1490 |     47 |    100 |   1075 |   2 |  768.5 |
        Bailey |    314 |    314 |      0 |      0 |     80 |   1 |  314.0 |
               +--------+--------+--------+--------+--------+-----+--------+

Top non-repeatable levels by time:
     D:8: 1373 daAuts
     D:3: 1098 daAuts
  Lair:2: 900 daAuts
     D:4: 896 daAuts
     D:9: 893 daAuts
     D:5: 883 daAuts
     D:1: 869 daAuts
     D:2: 721 daAuts
     D:6: 690 daAuts
    D:10: 660 daAuts
  Lair:1: 637 daAuts
     D:7: 595 daAuts
  Bailey: 314 daAuts
  Temple: 113 daAuts
